 Dungeon Crawl Stone Soup version 0.31-a0-559-g03b8d61ab2 (webtiles) character file.

Game seed: 12426365844131372216

159 Ethylacetat the Ducker (level 5, 0/36 HPs)
             Began as an Octopode Gladiator on Aug 17, 2023.
             Was an Initiate of Gozag.
             Slain by a goblin
             ... wielding a +0 club
             ... led by Robin
              (6 damage)
             ... in the Ecumenical Temple.
             The game lasted 00:03:49 (2071 turns).

Ethylacetat the Ducker (Octopode Gladiator)         Turns: 2071, Time: 00:03:50

Health: 0/36       AC:  1    Str: 13    XL:     5   Next: 40%
Magic:  5/5        EV: 15    Int: 10    God:    Gozag
Gold:   162        SH:  0    Dex: 16    Spells: 4/4 levels left

rFire   . . .        e - +1 dagger (venom)
rCold   . . .        (no shield)
rNeg    . . .        a - +0 hat
rPois   .            (no amulet)
rElec   .            s - ring of flight
rCorr   .            (no ring)
SInv    .            (no ring)
Will    .....        (no ring)
Stlth   +++          (no ring)
HPRegen 0.26/turn    (no ring)
MPRegen 0.09/turn    (no ring)
                     (no ring)

%: no passive effects
@: flying
A: almost no armour, amphibious, 8 rings, camouflage 1, gelatinous body 1,
nimble swimmer 1, tentacles
a: Renounce Religion, Potion Petition, Call Merchant, Bribe Branch


You were in the Ecumenical Temple.
You worshipped Gozag.
Gozag was aware of your devotion.
You visited 2 branches of the dungeon, and saw 5 of its levels.

You collected 241 gold pieces.
You paid 79 gold pieces to Gozag.

Inventory:

Hand Weapons
 e - a +1 dagger of venom (weapon)
Missiles
 b - 3 throwing nets (quivered)
 c - a javelin
 n - 6 curare-tipped darts
Armour
 a - a +0 hat (worn)
Jewellery
 s - a ring of flight (left tentacle)
Scrolls
 g - a scroll of fear {unknown}
 h - 3 scrolls of amnesia {unknown}
 j - a scroll of blinking {unknown}
 k - a scroll of enchant armour {unknown}
 l - a scroll of revelation {unknown}
 p - 2 scrolls of identify {unknown}
 q - a scroll of vulnerability {unknown}
 r - a scroll of teleportation {unknown}
Potions
 d - a potion of cancellation {unknown}
 f - a potion of might {unknown}
 i - a potion of lignification {unknown}
 m - a potion of magic {unknown}
 o - a potion of heal wounds {unknown}


   Skills:
 + Level 3.5 Fighting
 - Level 2.0 Throwing
 + Level 4.1 Dodging
 + Level 4.1 Unarmed Combat


You had 4 spell levels left.
You didn't know any spells.
Your spell library was empty.

Dungeon Overview and Level Annotations

Branches:
Dungeon (4/15)             Temple (1/1) D:4

Altars:
Ashenzari
Cheibriados
Dithmenos
Fedhas
Gozag
Hepliaklqana
Kikubaaqudgha
Nemelex Xobeh
Qazlal
Ru
Sif Muna
Trog
Uskayaw
Vehumet
Wu Jian
Xom
Yredelemnul
Zin
The Shining One

Annotations:
D:3 3 runed translucent doors, Ethylacetat's ghost, amateur OpGl
D:4 Robin


Innate Abilities, Weirdness & Mutations

You cannot wear most types of armour.
You are amphibious.
You can wear up to eight rings at the same time.
Your skin changes colour to match your surroundings (Stealth+).
Your rubbery body absorbs attacks. (AC +1, EV +1)
You are camouflaged when in or above water. (Stealth+)
You have tentacles for arms and can constrict up to eight enemies at once.


Message History

You hit the goblin but do no damage. You grab the goblin.
The goblin is moderately wounded.
You constrict the goblin, but do no damage.
The goblin misses you.
You hit the goblin.
The goblin is severely wounded.
You constrict the goblin.
You kill the goblin!
Found four altars.
Things that are here:
a +0 dagger; a +0 ring mail
Found a glowing silver altar of Zin.
There is an opulent altar of Gozag here.
You hover solemnly before the altar of Gozag.
Gozag welcomes you!
You pay a service fee of 79 gold.
Things that are here:
a +0 dagger; a +0 ring mail
There is a staircase back to the Dungeon here.
You fly upwards.
Welcome back to the Dungeon!
Level annotation: Robin Robin roars a battlecry!
The goblins go into a battle-frenzy!
The goblin closely misses you. The goblin hits you with a +0 dagger.
The goblin misses you.
The goblin shouts!
There is a staircase to the Ecumenical Temple here.
You can't go up here!
You can't go up here!
Robin throws the goblin at you! The goblin hits you with a +0 dagger.
The goblin misses you. The goblin closely misses you.
You fly downwards.
Welcome back to the Ecumenical Temple!
There is a staircase back to the Dungeon here.
The goblin misses you. The goblin attacks as you move away!
The goblin hits you with a +2 dagger of pain.
* * * LOW HITPOINT WARNING * * *
The goblin hits you with a +0 club.
You die...
Your body crumbles into a pile of gold.

...⌠...≈≈≈≈≈≈≈≈≈≈≈≈≈≈≈≈≈...⌠...#
#.......≈≈≈≈≈≈≈≈≈≈≈≈≈≈≈.......##
##.......≈≈≈≈≈≈≈≈≈≈≈≈≈.......##
##..._...≈≈≈≈≈≈≈≈≈≈≈..._...##
#.......≈≈≈≈≈≈≈≈≈≈≈.......#
##..._...≈≈≈≈≈≈≈≈≈..._...##
#.......≈≈≈≈≈≈≈≈≈.......#
#..._...≈≈≈≈≈≈≈≈≈..._...#
##.......≈≈≈≈@≈≈.......##
#..._......gg....._...#
#..........g..........#
#..._.....)<[....._...#
#.....................#
#..._............._...#
##.......≈≈≈≈≈≈≈.......##
#..._...≈≈≈≈≈≈≈≈≈..._...#
#.......≈≈≈≈≈≈≈≈≈.......#


You could see 3 goblins.

Vanquished Creatures
  Jessica (D:2)
  An iguana (D:4)
  2 adders
  3 worms (D:3)
  4 dart slugs
  5 orcs (D:3)
  3 ball pythons
  4 endoplasms
  2 giant cockroaches
  8 goblins
  7 hobgoblins
  3 jackals (D:1)
  A quokka (D:3)
  8 bats
  3 frilled lizards
  7 kobolds
  4 rats
66 creatures vanquished.

Notes
Turn   | Place    | Note
-------+----------+-------------------------------------------
     0 | D:1      | Ethylacetat the Octopode Gladiator began the quest for the
                  | Orb.
     0 | D:1      | Reached XP level 1. HP: 14/14 MP: 1/1
    98 | D:1      | Reached XP level 2. HP: 7/19 MP: 2/2
   432 | D:2      | Reached XP level 3. HP: 25/25 MP: 3/3
   552 | D:2      | Found a faded altar of an unknown god.
   652 | D:2      | Noticed Jessica
   658 | D:2      | Killed Jessica
   659 | D:2      | Reached XP level 4. HP: 26/31 MP: 4/4
  1104 | D:3      | Found a runed translucent gate.
  1104 | D:3      | Found a runed translucent gate.
  1104 | D:3      | Noticed Ethylacetat's ghost (amateur OpGl)
  1109 | D:3      | Found a runed translucent gate.
  1114 | D:3      | Noticed a black bear
  1375 | D:3      | Reached XP level 5. HP: 35/36 MP: 5/5
  1884 | D:4      | Noticed Robin
  1985 | D:4      | Found a staircase to the Ecumenical Temple.
  2014 | D:4      | Found a bloodstained altar of Trog.
  2042 | Temple   | Entered the Ecumenical Temple
  2056 | Temple   | Became a worshipper of Gozag Ym Sagoz the Greedy
  2071 | Temple   | Slain by a goblin

Illustrated notes

Levels and vault maps discovered:
D:1:      lordsloth_arrival_two_stooges, layout_rooms
D:2:      layout_rooms, shapermc_ecumenical_altar_notcrosses, uniq_jessica
D:3:      minmay_skewed_foursquare, layout_basic, gammafunk_ghost_split
D:4:      layout_loops_ring, trog_book, minmay_temple_entry_statues,
          serial_shops, nicolae_square_shop, kennysheep_generic_room_10,
          uniq_sigmund, uniq_robin
Temple:   nicolae_temple_two_arcs

Skill      XL: |  1  2  3  4  5 |
---------------+----------------+-----
Fighting       | 3 |  3.5
Unarmed Combat | 4 |  4.1
Dodging        | 4 |  4.1
Throwing       | |  2.0

Action                     |  1- 3 |  4- 6 || total
---------------------------+-------+-------++-------
  Melee: Unarmed           |    28 |       ||    28
         Constrict         |    15 |    23 ||    38
         Tentacles         |    12 |    17 ||    29
         Punch             |     2 |     1 ||     3
         Dagger            |    25 |    72 ||    97
   Stab: Distracted        |     1 |       ||     1
         Sleeping          |     5 |     5 ||    10
 Armour: Skin              |     1 |     5 ||     6
  Dodge: Dodged            |    39 |    53 ||    92

Table legend: (Time is in decaauts)
 A = Elapsed time spent in this place.
 B = Non-inter-level travel time spent in this place.
 C = Inter-level travel time spent in this place.
 D = Time resting spent in this place.
 E = Time spent auto-exploring this place.
 F = Levels seen in this place.
 G = Mean time per level.
                   A        B        C        D        E       F      G
               +--------+--------+--------+--------+--------+-----+--------+
         Total |   2068 |   1934 |    134 |      0 |   1561 |   5 |  413.6 |
       Dungeon |   2041 |   1915 |    126 |      0 |   1561 |   4 |  510.2 |
        Temple |     27 |     19 |      8 |      0 |      0 |   1 |   27.0 |
               +--------+--------+--------+--------+--------+-----+--------+

Top non-repeatable levels by time:
     D:3: 1039 daAuts
     D:2: 437 daAuts
     D:1: 426 daAuts
     D:4: 138 daAuts
  Temple: 27 daAuts
